 Dungeon Crawl Stone Soup version 0.19.0 (webtiles) character file.

169 CanadianGator the Ducker (level 5, 0/36 HPs)
             Began as an Octopode Fighter on Nov 22, 2016.
             Succumbed to an orc priest's poison
             ... on level 3 of the Dungeon.
             The game lasted 00:06:08 (2009 turns).

CanadianGator the Ducker (Octopode Fighter)         Turns: 2009, Time: 00:06:09

Health: 0/36       AC:  1    Str: 15    XL:     5   Next: 50%
Magic:  5/5        EV: 18    Int: 11    God:
Gold:   127        SH:  9    Dex: 17    Spells: 0 memorised, 4 levels left

rFire  . . .     SeeInvis .       - Unarmed
rCold  . . .     Gourm    .     a - +0 shield
rNeg   . . .     Faith    .     (helmet restricted)
rPois  .         Spirit   .     (no amulet)
rElec  .         Reflect  .     (no ring)
rCorr  .         Harm     .     (no ring)
MR     .....                    (no ring)
Stlth  ++++......               (no ring)
                                (no ring)
                                (no ring)
                                (no ring)
                                (no ring)

@: agile, lethally poisoned (0 -> -3), exhausted, slowed, very slow
A: almost no armour, stealthy swim, amphibious, 8 rings, constrict 8, camouflage
1, gelatinous body 1
a: no special abilities


You were on level 3 of the Dungeon.
You were hungry.

You visited 1 branch of the dungeon, and saw 3 of its levels.

You collected 127 gold pieces.

Inventory:

Armour
 a - a +0 shield (worn)
Scrolls
 b - 2 scrolls of random uselessness {unknown}
 e - 4 scrolls of identify {unknown}
 f - 2 scrolls of remove curse {unknown}
 g - a scroll of recharging {unknown}
 h - a scroll of noise {unknown}
 j - a scroll of immolation {unknown}
Potions
 d - a potion of degeneration {unknown}
 m - a potion of berserk rage
Comestibles
 c - 5 bread rations
 i - a beef jerky
 n - a slice of pizza


   Skills:
 + Level 3.2 Fighting
 * Level 4.0 Dodging
 + Level 2.4 Stealth
 * Level 3.9 Shields
 * Level 3.2 Unarmed Combat


You had 4 spell levels left.
You didn't know any spells.

Dungeon Overview and Level Annotations

Branches:
Dungeon (3/15)

Altars:


Innate Abilities, Weirdness & Mutations

You cannot wear most types of armour.
You are very stealthy in the water. (Stealth+)
You are amphibious.
You can wear up to eight rings at the same time.
You can use your tentacles to constrict eight enemies at once.
Your skin changes colour to match your surroundings (Stealth+).
Your rubbery body absorbs attacks. (AC +1, EV +1)


Message History

Unknown command.
There is a lethal amount of poison in your body!
It was a potion of berserk rage.
A red film seems to cover your vision as you go berserk!
You feel yourself moving faster!
You feel mighty!
* * * LOW HITPOINT WARNING * * *
You feel sick.
You are too berserk!
You feel a strong urge to attack something.
* * * LOW HITPOINT WARNING * * *
You feel sick.
You feel your anger subside.
You are no longer berserk.
You are exhausted.
You feel yourself slow down.
* * * LOW HITPOINT WARNING * * *
You feel sick.
It was a potion of agility.
You feel agile all of a sudden.
You die...

#......................#
#..........(............
#.......................
##########.......................
.................................
####.............................
#.###.##....†.................
#.# #.##...)).................
####.###........@................
....).####.....))................
####..# ##..)..)................
#..# #..(..÷................
#..#####......................
#.............................
######...........)...........#
#.......................#
#.#.........[............


There were no monsters in sight!

Vanquished Creatures
  An orc priest (D:3)
  2 adders
  4 gnolls (D:2)
  3 worms
  A dart slug (D:2)
  2 leopard geckos (D:2)
  6 orcs (D:3)
  6 giant cockroaches
  8 goblins
  7 hobgoblins
  5 jackals
  5 kobolds
  2 quokkas
  4 bats
  4 frilled lizards
  4 rats (D:1)
64 creatures vanquished.

Notes
Turn   | Place    | Note
-------+----------+-------------------------------------------
     0 | D:1      | CanadianGator the Octopode Fighter began the quest for the Orb.
     0 | D:1      | Reached XP level 1. HP: 16/16 MP: 1/1
    74 | D:1      | Reached skill level 1 in Stealth
    97 | D:1      | Reached XP level 2. HP: 21/21 MP: 2/2
   671 | D:1      | Reached XP level 3. HP: 24/26 MP: 3/3
  1319 | D:2      | Reached XP level 4. HP: 30/31 MP: 4/4
  1657 | D:3      | Reached XP level 5. HP: 33/36 MP: 5/5
  1693 | D:3      | Reached skill level 4 in Dodging
  2008 | D:3      | HP: 1/36 [poisoned by an orc priest]
  2009 | D:3      | Succumbed to an orc priest's poison

Skill      XL: |  1  2  3  4  5 |
---------------+----------------+-----
Stealth        | 1 2 |  2.4
Unarmed Combat | 3 |  3.2
Dodging        | 4 |  4.0
Fighting       | |  3.2
Shields        | |  3.9

Action                   |  1- 3 |  4- 6 || total
-------------------------+-------+-------++-------
Melee: Unarmed           |    74 |    57 ||   131
       Constrict         |    26 |    17 ||    43
       Tentacles         |    13 |     8 ||    21
       Punch             |     1 |       ||     1
  Use: Potion            |     1 |     3 ||     4
 Stab: Sleeping          |     9 |     2 ||    11
  Eat: Chunk             |     1 |     2 ||     3
Armor: Skin              |     4 |     3 ||     7
Dodge: Dodged            |    32 |    33 ||    65
Block: Shield            |    33 |    26 ||    59
